 Dungeon Crawl Stone Soup version 0.29.1-2-gbd0b4ee654 (webtiles) character file.

Game seed: 15610460538185635689

333 RascalDebosk the Magician (level 6, -12/46 HPs)
             Began as a Djinni Venom Mage on Oct 23, 2022.
             Shot with an arrow by a centaur (14 damage)
             ... on level 5 of the Dungeon.
             The game lasted 00:28:29 (4372 turns).

RascalDebosk the Magician (Djinni Venom Mage)       Turns: 4372, Time: 00:28:30

Health: -12/46     AC:  2    Str:  7    XL:     6   Next: 83%
Gold:   259        EV: 12    Int: 22    God:
                   SH:  5    Dex: 23

rFire   + + .      SeeInvis .   b - +0 short sword
rCold   x . .      Faith    +   p - +0 buckler
rNeg    . . .      Spirit   .   a - +0 robe
rPois   ∞          Reflect  .   (no helmet)
rElec   .          Harm     +   (no cloak)
rCorr   .          Rampage  .   (no gloves)
Will    .....                   (boots unavailable)
Stlth   ++........              r - amulet of Kuoczaakip {Faith Harm Int+4 Dex+3}
HPRegen 0.15/turn               j - +6 ring of dexterity
MPRegen 0.00/turn               v - ring of wizardry

@: flying
A: sickness immunity, fire resistance 2, cold vulnerability 1, float, innate
caster, HP casting, extra vitality 1
a: no special abilities


You were on level 5 of the Dungeon.
You visited 2 branches of the dungeon, and saw 6 of its levels.

You collected 259 gold pieces.

Inventory:

Hand Weapons
 b - a +0 short sword (weapon)
Armour
 a - a +0 robe (worn)
 d - an orb of guile
 p - a +0 buckler (worn)
Jewellery
 j - a +6 ring of dexterity (left hand)
 r - the amulet of Kuoczaakip (around neck) {Faith Harm Int+4 Dex+3}
   (You found it on level 3 of the Dungeon)

   [amulet of faith]

   It allows you to gain divine favour quickly.
   Int:       It affects your intelligence (+4).
   Dex:       It affects your dexterity (+3).
   Harm:      It increases damage dealt and taken.
 u - a ring of protection from fire
 v - a ring of wizardry (right hand)
Scrolls
 c - a scroll of torment {unknown}
 e - a scroll of vulnerability {unknown}
 f - 3 scrolls of noise {unknown}
 i - 3 scrolls of identify
 k - a scroll of blinking {unknown}
 o - a scroll of poison {unknown}
 t - a scroll of silence {unknown}
Potions
 g - 2 potions of mutation
 h - 2 potions of lignification
 l - a potion of haste {unknown}
 m - 2 potions of brilliance {unknown}
 n - a potion of invisibility {unknown}
 q - 2 potions of attraction {unknown}
 s - a potion of curing {unknown}


   Skills:
 + Level 3.0 Fighting
 - Level 2.1 Dodging
 - Level 1.5 Stealth
 + Level 2.3 Shields
 * Level 4.3 Spellcasting


You couldn't memorise any spells.
You knew the following spells:

 Your Spells              Type           Power      Damage    Failure   Level
a - Sting                 Tmut/Pois      96%        1d7       1%          1
b - Poisonous Vapours     Pois/Air       48%        N/A       1%          2
c - Mephitic Cloud        Conj/Pois/Air  24%        N/A       2%          3
d - Olgreb's Toxic Radia  Pois           24%        N/A       10%         4
e - Magic Dart            Conj           96%        1d7       1%          1
f - Scorch                Fire           48%        2d7       1%          2
Your spell library was empty.

Dungeon Overview and Level Annotations

Branches:
Dungeon (4/15)             Temple (1/1) D:4

Altars:
Elyvilon
Gozag
Hepliaklqana
Nemelex Xobeh
Okawaru
Qazlal
Ru
Trog
Uskayaw
Yredelemnul


Innate Abilities, Weirdness & Mutations

You are immune to sickness and miasma.
You are immune to poison.
Your flesh is very heat resistant. (rF++)
You are vulnerable to cold. (rC-)
You float through the air rather than walking.
You learn spells naturally, not from books.
Your magical power is your life essence.
You have superior vitality. (+4 MHP)


Message History

Found a stone staircase leading up.
There is a stone staircase leading up here.
Found a mace.
You see here a +0 mace.
Found a stone staircase leading up.
You see here a +0 mace.
A goblin comes into view. It is wielding a +0 club.
Casting: Magic Dart (safe; 1% risk of failure)
Confirm with . or Enter, or press ? or * to list all spells.
Aiming: Poisonous Vapours (safe; 1% risk of failure)
Press: ? - help, Dir - move target, f - goblin
Aim: a goblin, wielding a +0 club (asleep) Poisonous vapours surround the goblin!
The goblin is poisoned.
The goblin shouts!
You hit the goblin.
You kill the goblin!
You see here a +0 club.
A sourceless malevolence fills the Dungeon...
You are sucked into a shaft and drop 1 floor!
The shaft crumbles and collapses.
You reach down and open the door.
There is an open door here.
A howler monkey, an orc wizard and an orc come into view.
The howler monkey howls!
An orc comes into view.
It is wielding a +3 hand axe of flaming.
An adder comes into view.
Casting: Poisonous Vapours (safe; 1% risk of failure)
Confirm with . or Enter, or press ? or * to list all spells.
The spell is quite dangerous to miscast (11% risk of failure)!
Continue anyway?
You miscast Olgreb's Toxic Radiance.
You are very lightly contaminated with residual magic.
Nothing appears to happen.
The adder hisses angrily.
Casting: Olgreb's Toxic Radiance (quite dangerous; 11% risk of failure)
Confirm with . or Enter, or press ? or * to list all spells.
The spell is quite dangerous to miscast (11% risk of failure)!
Continue anyway?
You begin to radiate toxic energy.
The adder is poisoned.
The howler monkey is poisoned.
The orc wizard shouts!
The orc wizard is poisoned.
The orc is poisoned.
The orc shouts!
The orc is poisoned.
The adder looks even sicker.
The orc looks even sicker.
You hear a shout!
The howler monkey hoots and howls with incredible vigour!
The orc wizard casts a spell at you. The puff of flame hits you. You resist.
You hear a shout!
The orc attacks as you move away! You block the orc's attack.
The adder looks even sicker.
The howler monkey looks even sicker.
The orc wizard looks even sicker.
The orc looks even sicker.
Your toxic aura wanes.
The howler monkey hoots and howls with incredible vigour!
You hear a shout! x2
You feel a bit more experienced.
The adder enters a dispersal trap!
The howler monkey blinks!
The orc blinks!
The howler monkey blinks!
You blink.
Casting: Olgreb's Toxic Radiance (quite dangerous; 11% risk of failure)
Confirm with . or Enter, or press ? or * to list all spells.
Aiming: Sting (safe; 1% risk of failure)
Press: ? - help, Shift-Dir - straight line, f - orc wizard
Aim: an orc wizard, wielding a +0 dagger and wearing a +0 robe (almost dead, very poisoned, 70% to hit)
The sting hits the orc wizard.
The orc wizard looks even sicker.
The orc wizard is almost dead.
You feel a bit more experienced.
You kill the orc wizard!
There is an open door here.
Aiming: Magic Dart (safe; 1% risk of failure)
Press: ? - help, Q - select action, (/) - cycle Shift-Dir - straight line, f - orc
Aim: an orc, wielding a +0 flail (almost dead, very poisoned, 100% to hit)
The magic dart hits the orc.
You kill the orc!
The howler monkey hoots and howls with incredible vigour!
Aiming: Magic Dart (safe; 1% risk of failure)
Press: ? - help, Q - select action, (/) - cycle Shift-Dir - straight line, f - howler monkey
Aim: a howler monkey (heavily wounded, poisoned, catching its breath, 100% to hit)
The magic dart hits the howler monkey.
The howler monkey is severely wounded.
Aiming: Magic Dart (safe; 1% risk of failure)
Press: ? - help, Q - select action, (/) - cycle Shift-Dir - straight line, f/p - howler monkey
Aim: a howler monkey (severely wounded, poisoned, catching its breath, 100% to hit)
The magic dart hits the howler monkey.
The howler monkey is almost dead.
You kill the howler monkey!
Your magical contamination has completely faded away.
Your Fighting skill increases to level 3!
A centaur comes into view.
The centaur wields a +0 shortbow.
The centaur shoots an arrow.
The arrow closely misses you.
Casting: Magic Dart (safe; 1% risk of failure)
Confirm with . or Enter, or press ? or * to list all spells.
The spell is quite dangerous to miscast (10% risk of failure)!
Continue anyway?
You begin to radiate toxic energy.
The centaur is poisoned.
The centaur shoots an arrow.
The arrow hits you!
* * * LOW HITPOINT WARNING * * *
Your toxic aura wanes.
There is an open door here.
The centaur looks more healthy.
The centaur shoots an arrow.
The arrow hits you!
* * * LOW HITPOINT WARNING * * *
The centaur shoots an arrow.
The arrow hits you!
You die...

######### #........
#.......# #.........
#.......# +.........
#.......#######.........
######..##....#.........
...##..##....#.........
#.............#.).......
#........@....'...^.....
+.......#######c........
#.......#.......).......
#...##..#..)............
#... #..#...............
+.. ...+...............
....#...............
#......#####+#.. ..c#+##
..


You could see a centaur.

Vanquished Creatures
  A sky beast (D:4)
  A phantom (D:4)
  A howler monkey (D:5)
  An orc wizard (D:5)
  3 adders
  A worm (D:2)
  A dart slug (D:1)
  5 orcs
  5 endoplasms
  2 giant cockroaches (D:1)
  11 goblins
  5 hobgoblins
  7 kobolds
  2 quokkas
  8 ball pythons
  5 bats
  2 frilled lizards
  3 rats
64 creatures vanquished.

Notes
Turn   | Place    | Note
-------+----------+-------------------------------------------
     0 | D:1      | RascalDebosk the Djinni Venom Mage began the quest for the
                  | Orb.
     0 | D:1      | RascalDebosk set off with the following spells memorised:
                  | Sting, Poisonous Vapours, Mephitic Cloud, Olgreb's Toxic
                  | Radiance.
     0 | D:1      | Reached XP level 1. HP: 15/15 MP: 0/0
   130 | D:1      | Reached XP level 2. HP: 15/22 MP: 0/0
   705 | D:1      | Reached skill level 1 in Fighting
  1014 | D:1      | Reached XP level 3. HP: 22/27 MP: 0/0
  1014 | D:1      | Learned a level 1 spell: Magic Dart
  1015 | D:1      | Reached skill level 3 in Spellcasting
  1982 | D:2      | Found a hide-covered altar of Uskayaw.
  2119 | D:2      | Reached XP level 4. HP: 24/32 MP: 0/0
  2716 | D:3      | Identified the +1 leather armour "Xomuoczosch" {Harm}
  3045 | D:3      | Found a sparkling altar of Nemelex Xobeh.
  3210 | D:3      | Identified the amulet of Kuoczaakip {Faith Harm Int+4
                  | Dex+3}
  3522 | D:3      | Found a faded altar of an unknown god.
  3542 | D:4      | Found a stormy altar of Qazlal.
  3686 | D:4      | Noticed a phantom
  3695 | D:4      | Killed a phantom
  3696 | D:4      | Reached skill level 1 in Shields
  3696 | D:4      | Reached XP level 5. HP: 26/39 MP: 0/0
  3696 | D:4      | Learned a level 2 spell: Scorch
  3859 | D:4      | Noticed a sky beast
  3865 | D:4      | Killed a sky beast
  3866 | D:4      | Reached skill level 4 in Spellcasting
  3866 | D:4      | Reached XP level 6. HP: 37/45 MP: 0/0
  3982 | D:4      | Found a staircase to the Ecumenical Temple.
  3992 | Temple   | Entered the Ecumenical Temple
  4341 | D:4      | You are sucked into a shaft and drop 1 floor!
  4341 | D:5      | Entered Level 5 of the Dungeon
  4372 | D:5      | HP: 2/46 [centaur/arrow (14)]
  4372 | D:5      | Shot with an arrow by a centaur

Illustrated notes

Levels and vault maps discovered:
D:1:      onia_arrival_pyramid, layout_loops_ring
D:2:      layout_loops_cross, basic_altar, minmay_misc_feat_x
D:3:      layout_rooms, nemelex_dance_club_becter,
          dilly_ecumenical_altar_fadedgnrine
D:4:      minmay_angry_zag, layout_loops_ring, nicolae_qazlal_general_emergency,
          minmay_temple_entry_antechambers
D:5:      layout_gridville, fedhas_altar_1
Temple:   compressed_dpeg_circular_temple

Skill      XL: |  1  2  3  4  5  6 |
---------------+-------------------+-----
Fighting       | 1 2 3 |  3.0
Spellcasting   | 3 4 |  4.3
Shields        | 1 2 |  2.3
Dodging        | |  2.1
Stealth        | |  1.5

Action                   |  1- 3 |  4- 6 || total
-------------------------+-------+-------++-------
Melee: Short sword       |     8 |     4 ||    12
 Cast: Sting             |    39 |     4 ||    43
       Poisonous Vapours |    32 |     9 ||    41
       Mephitic Cloud    |     3 |       ||     3
       Magic Dart        |       |    56 ||    56
       Olgreb's Toxic Ra |       |     3 ||     3
       Scorch            |       |     2 ||     2
  Use: Scroll            |       |     2 ||     2
 Stab: Confused          |     1 |       ||     1
       Sleeping          |       |     1 ||     1
Armor: Robe              |     1 |     2 ||     3
Dodge: Dodged            |    10 |     9 ||    19
Block: Buckler           |       |     3 ||     3
